 Dungeon Crawl Stone Soup version 0.16-a0-1885-g0f03bb0 (webtiles) character file.

1684 timbw the Firebug (level 9, -5/51 HPs)
             Began as an Octopode Fire Elementalist on Nov 5, 2014.
             Was an Initiate of Vehumet.
             Shot with an arrow by a centaur (10 damage)
             ... on level 7 of the Dungeon.
             The game lasted 00:16:26 (3582 turns).

timbw the Firebug (Octopode Fire Elementalist)      Turns: 3582, Time: 00:16:26

Health: -5/51      AC:  1    Str:  7    XL:     9   Next: 2%
Magic:  16/23      EV: 12    Int: 20    God:    Vehumet [......]
Gold:   254        SH:  0    Dex: 13    Spells: 4 memorised, 7 levels left

rFire  . . .     SeeInvis .     n - staff of death
rCold  . . .     Clarity  .     (no shield)
rNeg   + . .     SustAb   .     (helmet restricted)
rPois  .         Gourm    .     (no amulet)
rElec  .         Spirit   .     p - ring of teleport control
rCorr  .         Warding  .     (no ring)
rMut   .         Stasis   .     (no ring)
MR     .....                    (no ring)
Stlth  ++........               (no ring)
                                (no ring)
                                (no ring)
                                (no ring)

@: confused, exhausted, slowed, very slow, not resistant to hostile
enchantments, unstealthy
A: almost no armour, amphibious, 8 rings, constrict 8, camouflage 1, gelatinous
body 1
a: Renounce Religion, Evoke Teleport Control


You were on level 7 of the Dungeon.
You worshipped Vehumet.
Vehumet was noncommittal.
You were hungry.

You visited 2 branches of the dungeon, and saw 8 of its levels.

You collected 254 gold pieces.

Inventory:

Hand weapons
 a - a +0 short sword
Missiles
 m - a throwing net (quivered)
Magical staves
 f - an uncursed staff of cold
 n - an uncursed staff of death (weapon)
Jewellery
 p - a ring of teleport control (left tentacle)
Magical devices
 d - a wand of confusion (14)
 o - a wand of hasting (0)
 r - a wand of paralysis (1)
Scrolls
 i - a scroll of fog
 j - 2 scrolls of remove curse
 t - a scroll of identify
Potions
 e - a potion of might {unknown}
 s - a potion of heal wounds {unknown}
Books
 b - a book of Flames

   Spells                             Type                      Level
   *Flame Tongue                      Conjuration/Fire             1
   Throw Flame                        Conjuration/Fire             2
   *Conjure Flame                     Conjuration/Fire             3
   Inner Flame                        Hexes/Fire                   3
   *Sticky Flame                      Conjuration/Fire             4
   *Fireball                          Conjuration/Fire             5
 h - a book of Burglary

   Spells                             Type                      Level
   Swiftness                          Charms/Air                   2
   Passwall                           Transmutation/Earth          3
   Passage of Golubria                Translocation                4
   Lee's Rapid Deconstruction         Earth                        5
   Invisibility                       Hexes                        6
   Darkness                           Hexes                        7
Comestibles
 c - 2 bread rations
 g - 5 chunks of flesh
 k - 3 fruits
 l - a slice of pizza
 u - a meat ration


   Skills:
 - Level 2.0 Dodging
 - Level 2.6 Stealth
 + Level 6.3 Spellcasting
 + Level 6.2 Conjurations
 + Level 7.1 Fire Magic


You had 7 spell levels left.
You knew the following spells:

 Your Spells              Type           Power        Failure   Level  Hunger
a - Flame Tongue          Conj/Fire      ####.        1%          1    None
b - Conjure Flame         Conj/Fire      ####....     1%          3    ##.....
c - Sticky Flame          Conj/Fire      ####....     10%         4    ####...
d - Fireball              Conj/Fire      ####......   21%         5    #####..


Dungeon Overview and Level Annotations

Branches:
Dungeon (7/15)             Temple (1/1) D:6

Altars:
Ashenzari
Dithmenos
Elyvilon
Fedhas
Gozag
Makhleb
Nemelex Xobeh
Qazlal
Trog
Vehumet
Xom
Zin
The Shining One

Annotations:
D:5 Prince Ribbit


Innate Abilities, Weirdness & Mutations

You cannot wear most types of armour.
You are amphibious.
You can wear up to eight rings at the same time.
You can use your tentacles to constrict many enemies at once.
Your skin changes colour to match your surroundings (Stealth).
Your rubbery body absorbs attacks (AC +1).


Message History

You feel a strong urge to attack something.
An adder comes into view.
You feel your anger subside.
You are no longer berserk.
You are exhausted.
You feel yourself slow down.
You are feeling hungry.
A centaur comes into view.
Drink which item? (? for menu, Esc to quit)
Okay, then.
Evoke which item? (* to show all) (? for menu, Esc to quit)
Zapping:
r - a wand of paralysis (will waste charges)
Press: ? - help, Shift-Dir - straight line, f - centaur
Aim: a centaur (hasn't noticed you) Nothing appears to happen.
Evoking this partially-identified wand wasted a few charges.
The centaur wields a shortbow.
The centaur shoots an arrow.
The arrow hits you.
* * * LOW HITPOINT WARNING * * *
The centaur shoots an arrow.
The arrow hits you!
You die...

#.# ..
####.####
#.P.....#
#@##P##.#
#ยง##(## #
#.#... ...
#.#.#...#
#.<.....#
#.....c.......#
.....###..[###
#.##. ..... # (
#.##.#


You could see an active ballistomycete and a centaur.

Vanquished Creatures
  Grinder (D:6)
  Menkaure (D:6)
  The ghost of Protee the Sneak, an average OpEn (D:4)
  A necrophage (D:6)
  A sky beast (D:6)
  A phantom (D:6)
  An ogre (D:4)
  4 centaurs
  A scorpion (D:4)
  A hippogriff skeleton (D:7)
  A crimson imp (D:6)
  An orc priest (D:4)
  2 orc wizards
  3 jellies
  A hound (D:4)
  4 worker ants
  Ijyb (D:4)
  4 adders
  4 gnolls (D:4)
  A worm (D:3)
  An ooze (D:4)
  3 orcs
  6 hobgoblins
  8 bats
  3 giant newts
  A giant newt skeleton (D:4)
  A giant spore (D:7)
  3 goblins
  A hobgoblin skeleton (D:4)
  4 jackals (D:3)
  10 kobolds
  8 rats
84 creatures vanquished.

Vanquished Creatures (others)
  A goblin (D:6)
  A hobgoblin (D:6)
  A quokka (D:6)
  2 rats (D:6)
5 creatures vanquished.

Grand Total: 89 creatures vanquished

Notes
Turn   | Place    | Note
--------------------------------------------------------------
     0 | D:1      | timbw, the Octopode Fire Elementalist, began the quest for the Orb.
     0 | D:1      | Reached XP level 1. HP: 11/11 MP: 3/3
   216 | D:4      | Noticed a centaur
   299 | D:4      | Reached XP level 2. HP: 7/17 MP: 1/4
   385 | D:4      | Noticed Protee's ghost (average OpEn)
   621 | D:3      | Found a blossoming altar of Fedhas.
   625 | D:3      | Reached XP level 3. HP: 11/21 MP: 1/6
   634 | D:3      | Learned a level 3 spell: Conjure Flame
   987 | D:4      | Killed Protee's ghost
   987 | D:4      | Reached skill level 4 in Fire Magic
   987 | D:4      | Reached XP level 4. HP: 11/27 MP: 3/9
   987 | D:4      | Reached XP level 5. HP: 12/31 MP: 3/11
   998 | D:4      | Learned a level 4 spell: Sticky Flame
  1242 | D:4      | Noticed a jelly
  1248 | D:4      | Killed a jelly
  1333 | D:4      | Reached XP level 6. HP: 34/36 MP: 4/13
  1427 | D:4      | Noticed Ijyb
  1446 | D:4      | Killed Ijyb
  1462 | D:4      | Noticed an ogre
  1474 | D:4      | Killed an ogre
  1479 | D:4      | Noticed an orc wizard
  1479 | D:4      | Noticed an orc priest
  1672 | D:4      | Learned a level 5 spell: Fireball
  1771 | D:5      | Entered Level 5 of the Dungeon
  1774 | D:5      | Noticed Prince Ribbit
  1860 | D:4      | Killed an orc priest
  1860 | D:4      | Reached skill level 5 in Fire Magic
  1860 | D:4      | Reached XP level 7. HP: 31/41 MP: 11/17
  1863 | D:4      | Killed an orc wizard
  1976 | D:4      | Noticed a worker ant
  1985 | D:4      | Killed a worker ant
  2246 | D:5      | Killed a centaur
  2435 | D:6      | Noticed Grinder
  2483 | D:6      | Killed Grinder
  2483 | D:6      | Reached skill level 5 in Spellcasting
  2483 | D:6      | Reached XP level 8. HP: 17/46 MP: 4/20
  2681 | D:6      | Reached skill level 5 in Conjurations
  2681 | D:6      | Reached skill level 6 in Fire Magic
  2702 | D:6      | Found a shimmering altar of Xom.
  3187 | D:6      | Noticed Menkaure
  3192 | D:6      | Killed Menkaure
  3385 | D:6      | Reached skill level 7 in Fire Magic
  3465 | D:6      | Found a staircase to the Ecumenical Temple.
  3474 | Temple   | Entered the Ecumenical Temple
  3510 | Temple   | Became a worshipper of Vehumet
  3576 | D:7      | Reached XP level 9. HP: 9/51 MP: 15/23
  3582 | D:7      | Shot with an arrow by a centaur

Action                   |  1- 3 |  4- 6 |  7- 9 || total
-------------------------+-------+-------+-------++-------
Melee: Short sword       |    21 |    11 |    12 ||    44
       Staff             |       |       |     6 ||     6
 Cast: Flame Tongue      |    21 |    27 |    56 ||   104
       Conjure Flame     |     2 |     3 |     4 ||     9
       Sticky Flame      |       |     6 |    15 ||    21
       Fireball          |       |       |     6 ||     6
Evoke: Wand              |       |       |     2 ||     2
  Use: Scroll            |       |     1 |     8 ||     9
       Potion            |       |       |     6 ||     6
 Stab: Sleeping          |     1 |     1 |       ||     2
       Distracted        |       |     1 |       ||     1
  Eat: Chunk             |     1 |     4 |     6 ||    11
       Bread ration      |       |       |     1 ||     1
